 Seeded DCSS version 0.29.1-15-g9cfb28693d (webtiles) character file.

Game seed: 16814609885328743250 (custom seed)

8 Gelion the Sneak (level 2, 18/18 HPs)
             Began as a Kobold Brigand on June 19, 2023.
             Was an Initiate of Gozag.
             Quit the game on level 1 of the Dungeon.
             The game lasted 00:00:52 (310 turns).

Gelion the Sneak (Kobold Brigand)                    Turns: 310, Time: 00:00:53

Health: 18/18      AC:  3    Str:  8    XL:     2   Next: 15%
Magic:  2/2        EV: 14    Int: 12    God:    Gozag
Gold:   15         SH:  0    Dex: 16    Spells: 1/1 levels left

rFire   . . .      SeeInvis .   a - +2 dagger
rCold   . . .      Faith    .   (no shield)
rNeg    . . .      Spirit   .   b - +0 robe
rPois   .          Reflect  .   (no helmet)
rElec   .          Harm     .   c - +0 cloak
rCorr   .          Rampage  .   (no gloves)
Will    .....                   (no boots)
Stlth   ++++......              (no amulet)
HPRegen 0.06/turn               (no ring)
MPRegen 0.08/turn               (no ring)

@: no status effects
A: small, no large weapons, nightstalker 3
a: Renounce Religion, Potion Petition, Call Merchant, Bribe Branch


You were on level 1 of the Dungeon.
You worshipped Gozag.
Gozag was noncommittal.
You visited 1 branch of the dungeon, and saw 1 of its levels.

You collected 15 gold pieces.

Inventory:

Hand Weapons
 a - a +2 dagger (weapon)
 k - a +1 dagger of electrocution
Missiles
 d - 9 poisoned darts (quivered)
 e - 3 curare-tipped darts
Armour
 b - a +0 robe (worn)
 c - a +0 cloak (worn)
Scrolls
 f - 3 scrolls of identify {unknown}
 g - a scroll of teleportation {unknown}
 i - a scroll of blinking {unknown}
 j - 2 scrolls of noise {unknown}
Potions
 h - a potion of ambrosia {unknown}


   Skills:
 + Level 2.3 Fighting
 + Level 2.9 Short Blades
 - Level 2.1 Throwing
 + Level 1.5 Dodging
 * Level 5.6 Stealth


You had one spell level left.
You didn't know any spells.
Your spell library was empty.

Dungeon Overview and Level Annotations

Branches:
Dungeon (1/15)

Altars:
Gozag


Innate Abilities, Weirdness & Mutations

You are small and have problems with some larger weapons.
You are completely attuned to the shadows.


Message History

A frilled lizard comes into view.
Found a scroll labelled MOTON DEAD.
The helpless frilled lizard fails to defend itself.
You impale the frilled lizard!!
You kill the frilled lizard!
No target in view!
You see here a frilled lizard corpse.
f - 3 scrolls labelled MOTON DEAD (gained 1)
g - a scroll labelled HOESEHI KOSEA
h - a bubbling white potion
i - a scroll labelled YCUT XICRUUPS
j - a scroll labelled LIMEET DOOCKI
j - 2 scrolls labelled LIMEET DOOCKI (gained 1)
A goblin comes into view.
It is wielding a +1 dagger of electrocution.
Found 3 stones.
The helpless goblin fails to defend itself.
You impale the goblin!!
You kill the goblin!
No target in view!
Things that are here:
a +1 dagger of electrocution; a goblin corpse
k - a +1 dagger of electrocution You see here 9 stones.
Found a stone staircase leading down.
Found a black potion.
A dart slug comes into view.
The helpless dart slug fails to defend itself.
You impale the dart slug!!
You kill the dart slug!
You have reached level 2!
Found a faded altar of an unknown god.
There is a dry fountain here.
There is a faded altar of an unknown god here.
You cannot tell which god this altar belongs to.
Convert to them anyway?
Okay, then.
You cannot tell which god this altar belongs to.
Convert to them anyway?
Gozag accepts your prayer! Gozag welcomes you!
Gozag waives the service fee.
Are you sure you want to abandon this character and quit the game? (Confirm with "yes".)

...# ####.................
...###....................
.......##........♣♣♣......
................♣♣..♣.####
...............♣♣..♣♣.#
......#.#..####♣...♣..♣♣♣♣♣♣
......#........♣..♣♣♣♣.....♣
#######........♣8......♣♣♣..
#........♣@..⌠.♣♣♣
#........♣8.....♣
#########♣..♣♣♣♣.♣ ♣♣.♣ ..
♣♣.


There were no monsters in sight!

Vanquished Creatures
  A dart slug (D:1)
  A goblin (D:1)
  A quokka (D:1)
  2 bats (D:1)
  A frilled lizard (D:1)
  A kobold (D:1)
7 creatures vanquished.

Notes
Turn   | Place    | Note
-------+----------+-------------------------------------------
     0 | D:1      | Gelion the Kobold Brigand began the quest for the Orb.
     0 | D:1      | Reached XP level 1. HP: 12/12 MP: 1/1
   302 | D:1      | Reached XP level 2. HP: 18/18 MP: 2/2
   304 | D:1      | Found a faded altar of an unknown god.
   309 | D:1      | Prayed at the altar of an unknown god.
   309 | D:1      | Became a worshipper of Gozag Ym Sagoz the Greedy
   310 | D:1      | Quit the game

Illustrated notes

Levels and vault maps discovered:
D:1:      dpeg_arrival_tiny_j, layout_rooms,
          shapermc_ecumenical_altar_totnotflames

Action                   || total
-------------------------++-------
Melee: Dagger            ||    13
 Stab: Sleeping          ||     5
Armor: Robe              ||     2
Dodge: Dodged            ||     6
